 Dungeon Crawl Stone Soup version 0.24.0-13-gcf9b319 (webtiles) character file.

Game seed: 17169836910833943220, levelgen mode: deterministic

116 DarkinPup the Skirmisher (level 4, -4/37 HPs)
             Began as a Demonspawn Fighter on Nov 29, 2019.
             Killed from afar by Sigmund (5 damage)
             ... with a puff of flame
             ... on level 2 of the Dungeon.
             The game lasted 00:02:05 (1615 turns).

DarkinPup the Skirmisher (Demonspawn Fighter)       Turns: 1615, Time: 00:02:06

Health: -4/37      AC:  6    Str: 18    XL:     4   Next: 70%
Magic:  4/4        EV:  7    Int:  9    God:
Gold:   88         SH:  9    Dex: 12    Spells: 3/3 levels left

rFire    . . .     SeeInvis .   a - +0 war axe
rCold    . . .     Gourm    .   c - +0 shield
rNeg     . . .     Faith    .   b - +0 scale mail
rPois    .         Spirit   .   (no helmet)
rElec    .         Reflect  .   (no cloak)
rCorr    .         Harm     .   (no gloves)
MR       .....                  (no boots)
Stlth    ..........             (no amulet)
HPRegen  0.12/turn              (no ring)
MPRegen  0.09/turn              (no ring)

@: no status effects
A: hooves 1, demonic guardian 2
a: no special abilities


You were on level 2 of the Dungeon.
You were hungry.

You visited 1 branch of the dungeon, and saw 2 of its levels.

You collected 88 gold pieces.

Inventory:

Hand Weapons
 a - a +0 war axe (weapon)
Armour
 b - a +0 scale mail (worn)
 c - a +0 shield (worn)
 n - a cursed +0 helmet
Jewellery
 k - a +4 ring of intelligence {unknown}
Scrolls
 g - 2 scrolls of identify {unknown}
 h - a scroll of remove curse {unknown}
 j - a scroll of teleportation {unknown}
 l - a scroll of enchant armour {unknown}
 m - a scroll of noise {unknown}
 o - a scroll of amnesia {unknown}
Potions
 d - a potion of might
 e - a potion of curing {unknown}
 i - a potion of haste {unknown}
Comestibles
 f - a ration


   Skills:
 * Level 3.8 Fighting
 * Level 2.9 Axes
 + Level 3.0 Armour
 + Level 1.1 Dodging
 + Level 3.1 Shields


You had 3 spell levels left.
You didn't know any spells.
Your spell library was empty.

Dungeon Overview and Level Annotations

Branches:
Dungeon (2/15)

Altars:

Annotations:
D:2 Sigmund


Innate Abilities, Weirdness & Mutations

You have large cloven feet.
A demonic guardian rushes to your aid.


Message History

A puff of flame appears from out of thin air!
The puff of flame hits your smoke demon.
Your smoke demon resists.
You block something's attack.
A magic dart appears from out of thin air!
The magic dart hits your smoke demon. Something hits you. Something burns you.
Something barely misses your smoke demon.
Your smoke demon disappears in a puff of smoke!
Something hits you. Something burns you.
* * * LOW HITPOINT WARNING * * *
Something tries to affect you, but you resist.
You hear a zap.
A puff of flame appears from out of thin air!
The puff of flame hits you!
* * * LOW HITPOINT WARNING * * *
You hear a zap.
A puff of flame appears from out of thin air!
The puff of flame hits you.
You die...

#........# #.............#
#........# ..........#####
#........# ...[...)..# #........#
..........# #........#
..........# #........#
..........# ####'########
###########
#.....###########################
#.....'.........@........).......
#.....#############.......##.....
#.....# #.......##..... #######
##########.......##.....
#................++.....
#................##.....
#................##.....
#..(.........(...##....♣
#............##'###.....


There were no monsters in sight!

Vanquished Creatures
  Jessica (D:2)
  3 adders (D:2)
  An ooze (D:2)
  3 dart slugs
  10 bats
  3 giant cockroaches
  4 goblins
  7 hobgoblins
  4 jackals (D:2)
  9 kobolds
  A quokka (D:2)
  3 rats
49 creatures vanquished.

Notes
Turn   | Place    | Note
-------+----------+-------------------------------------------
     0 | D:1      | DarkinPup the Demonspawn Fighter began the quest for the
                  | Orb.
     0 | D:1      | Reached XP level 1. HP: 18/18 MP: 1/1
   165 | D:1      | Gained mutation: You have large cloven feet. [demonic
                  | ancestry]
   165 | D:1      | Reached XP level 2. HP: 24/24 MP: 2/2
   686 | D:1      | Gained mutation: A weak demonic guardian rushes to your
                  | aid. [demonic ancestry]
   686 | D:1      | Reached XP level 3. HP: 29/29 MP: 3/3
  1153 | D:2      | Reached skill level 1 in Dodging
  1153 | D:2      | Gained mutation: A demonic guardian rushes to your aid.
                  | [demonic ancestry]
  1153 | D:2      | Reached XP level 4. HP: 29/35 MP: 4/4
  1198 | D:2      | Found a faded altar of an unknown god.
  1227 | D:2      | Noticed Jessica
  1232 | D:2      | Killed Jessica
  1585 | D:2      | Noticed Sigmund
  1614 | D:2      | HP: 1/37 [something/puff of flame (8)]
  1615 | D:2      | Killed from afar by Sigmund

Levels and vault maps discovered:
D:1:      dpeg_arrival_stone_temple_mockup, layout_basic,
          minmay_misc_feat_more_columns
D:2:      layout_basic, chequers_ecumenical_altar_simple_redux, uniq_jessica,
          uniq_sigmund

Skill      XL: |  1  2  3  4 |
---------------+-------------+-----
Axes           | 2 |  2.9
Shields        | 3 |  3.1
Dodging        | 1 |  1.1
Armour         | 3 |  3.0
Fighting       | |  3.8

Action                   |  1- 3 |  4- 6 || total
-------------------------+-------+-------++-------
Melee: War axe           |   116 |    23 ||   139
       Kick              |    22 |     7 ||    29
  Eat: Chunk             |     1 |     1 ||     2
Armor: Scale mail        |    75 |    11 ||    86
Dodge: Dodged            |    46 |    10 ||    56
Block: Shield            |    67 |    15 ||    82
